 Dungeon Crawl Stone Soup version 0.28.0-45-g0d030f2227 (webtiles) character file.

Game seed: 7924769072216863952

10 Saba the Bolt Thrower (level 2, -3/18 HPs)
             Began as a Gargoyle Hunter on Apr 4, 2022.
             Frozen to death by an endoplasm (5 damage)
             ... on level 1 of the Dungeon.
             The game lasted 00:01:10 (404 turns).

Saba the Bolt Thrower (Gargoyle Hunter)              Turns: 404, Time: 00:01:11

Health: -3/18      AC:  5    Str: 15    XL:     2   Next: 20%
Magic:  2/2        EV: 12    Int: 11    God:
Gold:   12         SH:  0    Dex: 10    Spells: 1/1 levels left

rFire   . . .      SeeInvis .   b - +0 short sword
rCold   . . .      Faith    .   (no shield)
rNeg    + + .      Spirit   .   g - +1 robe {rN+}
rPois   ∞          Reflect  .   (no helmet)
rElec   +          Harm     .   (no cloak)
rCorr   .          Rampage  .   (no gloves)
Will    .....                   (no boots)
Stlth   +.........              (no amulet)
HPRegen 0.06/turn               (no ring)
MPRegen 0.08/turn               (no ring)

@: no status effects
A: sickness immunity, AC +2, negative energy resistance 1, electricity
resistance, torment resistance 1, petrification resistance
a: no special abilities


You were on level 1 of the Dungeon.
You visited 1 branch of the dungeon, and saw 1 of its levels.

You collected 12 gold pieces.

Inventory:

Hand Weapons
 a - a +1 hand crossbow
 b - a +0 short sword (weapon)
Missiles
 d - 20 bolts
Armour
 g - a +1 robe of positive energy (worn)
Scrolls
 e - 2 scrolls of immolation


   Skills:
 + Level 2.4 Fighting
 + Level 4.1 Crossbows
 + Level 0.7 Armour
 + Level 1.7 Dodging
 - Level 1.1 Stealth


You had one spell level left.
You didn't know any spells.
Your spell library contained the following spells:

 Spells                   Type           Power      Damage    Failure   Level
 Corpse Rot               Necr/Air       0%         N/A       47%         2
 Poisonous Vapours        Pois/Air       0%         N/A       47%         2


Dungeon Overview and Level Annotations

Branches:
Dungeon (1/15)

Altars:

Shops:
D:1 (


Innate Abilities, Weirdness & Mutations

You are immune to sickness and miasma.
Your stone body is resilient. (AC +2)
You are immune to poison.
You resist negative energy. (rN+)
You are resistant to electric shocks. (rElec)
You are resistant to unholy torment.
You are immune to petrification.


Message History

The jackal barely misses you.
The jackal bites you but does no damage.
The jackal barely misses you.
There is an open door here.
There are monsters nearby!
The jackal closely misses you.
There's a creature in the doorway!
You hit the jackal.
The jackal is moderately wounded.
The jackal bites you but does no damage.
The jackal misses you.
You hit the jackal.
The jackal is almost dead.
The jackal bites you but does no damage.
You closely miss the jackal.
The jackal is almost dead.
The jackal barely misses you. x2
You hit the jackal.
You kill the jackal!
The jackal barely misses you.
You hit the jackal but do no damage. The jackal completely misses you.
You hit the jackal.
The jackal is moderately wounded.
The jackal misses you. The jackal closely misses you.
You hit the jackal but do no damage.
The jackal is moderately wounded.
The jackal barely misses you.
You closely miss the jackal.
The jackal is moderately wounded.
The jackal barely misses you. The jackal closely misses you.
You hit the jackal.
You kill the jackal!
You hit the endoplasm.
The endoplasm is severely wounded.
The endoplasm freezes you.
You are frozen.
* * * LOW HITPOINT WARNING * * *
The endoplasm freezes you.
You are frozen.
You die...

,*,#...)......#...#..#.....###,,,
,*,#........##...###....#.##,,,,,
,*,#................J.....#,,,,,,
,*,#........##.....#.#....##,,,,,
,*,#........##[....#..h....###.,,
,*,#........##.†...###.........,,
,*,#............KJ.# #.>.=.....**
,*,#.###########J#.# #†#.##....,*
,*,#.* *,,,,,#@#.# #.#...,...,,
,*,*,* *,***,#.#.###g#######***
,*,*,* *,* *,#.#.#..K....!..,,,
,*,*,*****,* *,#.#.#.#.#######***
,,,*,,,,,,,* *,..#.#.#..?.#
***************###.#.####.#
,,,,,,,,,,,,,,,,,..#J# #.#
*******************#.# #.# *****
#.####J# *,,,,


You could see 2 endoplasms and a kobold.

Vanquished Creatures
  A goblin (D:1)
  4 jackals (D:1)
  A quokka (D:1)
  A frilled lizard (D:1)
  A kobold (D:1)
  A rat (D:1)
9 creatures vanquished.

Notes
Turn   | Place    | Note
-------+----------+-------------------------------------------
     0 | D:1      | Saba the Gargoyle Hunter began the quest for the Orb.
     0 | D:1      | Reached XP level 1. HP: 12/12 MP: 1/1
    28 | D:1      | Found a faded altar of an unknown god.
   141 | D:1      | Found Fejat's Weapon Shoppe.
   382 | D:1      | Reached XP level 2. HP: 3/18 MP: 2/2
   404 | D:1      | Frozen to death by an endoplasm

Illustrated notes

Levels and vault maps discovered:
D:1:      heliophobic_arrival_henge, layout_basic,
          hellmonk_ecumenical_altar_blasted, serial_shops,
          nicolae_shop_waterfront, minmay_three_crescents

Action                   || total
-------------------------++-------
Melee: Short sword       ||    41
       Punch             ||     1
  Use: Scroll            ||     1
Armor: Robe              ||    11
       Leather armour    ||     2
Dodge: Dodged            ||    56
